 Dungeon Crawl Stone Soup version 0.30-a0-691-g754fce4c43 (webtiles) character file.

Game seed: 7802424385847822082

29378 Absynth the Zephyrmancer (level 13, -21/77 HPs)
             Began as a Tengu Air Elementalist on Jan 19, 2023.
             Was a High Priest of Vehumet.
             Demolished by a death yak (22 damage)
             ... on level 1 of the Lair of Beasts on Jan 20, 2023.
             The game lasted 01:41:01 (22258 turns).

Absynth the Zephyrmancer (Tengu Air Elementalist)  Turns: 22258, Time: 01:41:01

Health: -21/77     AC:  4    Str: 12    XL:     13   Next: 44%
Magic:  9/29       EV: 17    Int: 26    God:    Vehumet [*****.]
Gold:   1375       SH:  9    Dex: 17    Spells: 15/35 levels left

rFire   + + .      SeeInvis .    N - +4 mace of the Snake Pit {elec, Str+3}
rCold   + + .      Faith    .    J - +0 buckler {rC+}
rNeg    . . .      Spirit   .    f - +2 robe {rC+ rF+}
rPois   +          Reflect  +    (helmet restricted)
rElec   +          Harm     .    (no cloak)
rCorr   .          Rampage  .    (no gloves)
Will    .....                    (boots unavailable)
Stlth   ++                       K - amulet of reflection
HPRegen 0.32/turn                a - ring "Exeoczupp" {rF+ Int+6}
MPRegen 0.21/turn                E - ring of Knowledge {rElec rPois Dex+2}

@: sluggish, flying quickly and evasively, very slow
A: beak, talons 3, nimble flight
a: Renounce Religion


You were on level 1 of the Lair of Beasts.
You worshipped Vehumet.
Vehumet was extremely pleased with you.
You visited 4 branches of the dungeon, and saw 17 of its levels.
You also visited: Sewer and Ice Cave.

You collected 2582 gold pieces.
You spent 1207 gold pieces at shops.

Inventory:

Hand Weapons
 N - the +4 mace of the Snake Pit (weapon) {elec, Str+3}
   (You found it on level 1 of the Lair of Beasts)

   Str:       It affects your strength (+3).
Armour
 f - a +2 robe of resistance (worn)
 J - a +0 buckler of cold resistance (worn)
Jewellery
 a - the ring "Exeoczupp" (left hand) {rF+ Int+6}
   (You acquired it on level 5 of the Dungeon)

   [ring of protection from fire]

   Int:       It affects your intelligence (+6).
   rF:        It protects you from fire.
 c - a ring of see invisible
 d - a ring of ice
 k - a ring of wizardry
 E - the ring of Knowledge (right hand) {rElec rPois Dex+2}
   (You bought it in a shop on level 2 of the Orcish Mines)

   [ring of poison resistance]

   Dex:       It affects your dexterity (+2).
   rElec:     It insulates you from electricity.
   rPois:     It protects you from poison.
 K - an amulet of reflection (around neck)
Wands
 j - a wand of roots (7)
 l - a wand of charming (8)
 u - a wand of flame (24)
Scrolls
 b - a scroll of enchant armour {unknown}
 e - 3 scrolls of fog
 g - 7 scrolls of enchant weapon
 h - a scroll of magic mapping
 n - a scroll of blinking
 p - 2 scrolls of immolation {unknown}
 q - a scroll of brand weapon {unknown}
 r - 3 scrolls of amnesia
 s - a scroll of silence {unknown}
 t - a scroll of summoning {unknown}
 w - a scroll of fear
 y - 2 scrolls of identify
 z - 2 scrolls of vulnerability {unknown}
 C - 2 scrolls of poison {unknown}
 L - 3 scrolls of teleportation
Potions
 i - a potion of might
 m - a potion of curing
 o - a potion of cancellation {unknown}
 v - a potion of lignification {unknown}
 x - a potion of ambrosia {unknown}
 A - a potion of berserk rage {unknown}
 B - 3 potions of brilliance
 D - a potion of heal wounds
 F - 2 potions of flight {unknown}
 H - a potion of resistance {unknown}
 I - a potion of mutation {unknown}
Miscellaneous
 G - a phantom mirror
 M - a phial of floods


   Skills:
 - Level 7.6 Fighting
 - Level 6.0 Dodging
 - Level 2.0 Stealth
 + Level 11.5 Spellcasting
 - Level 12.8 Conjurations
 - Level 5.0 Ice Magic
 + Level 14.6 Air Magic
 - Level 5.4 Poison Magic


You had 15 spell levels left.
You knew the following spells:

 Your Spells              Type           Power      Damage    Failure   Level
a - Airstrike             Air            37%        2d(6-22)  1%          4
c - Mephitic Cloud        Conj/Pois/Air  64%        N/A       1%          3
d - Static Discharge      Conj/Air       100%       2-7/arc   1%          2
f - Freezing Cloud        Conj/Ice/Air   31%        6-21      1%          5
s - Swiftness             Air            74%        N/A       1%          3
v - Poisonous Vapours     Pois/Air       100%       N/A       1%          2
z - Shock                 Conj/Air       100%       1d9       0%          1

Your spell library contained the following spells:

 Spells                   Type           Power      Damage    Failure   Level
 Lee's Rapid Deconstruct  Erth           7%         3d7*      36%         5
 Sandblast                Erth           30%        2d9       1%          1
 Kindle Blastsparks       Fire/Tloc/Air  80%        2d16      1%          3
 Stone Arrow              Conj/Erth      96%        3d13      1%          3
 Flame Wave               Conj/Fire      48%        2d12      1%          4
 Sticky Flame             Conj/Fire      48%        2d7       1%          4
 Ignite Poison            Fire/Tmut/Pois 24%        N/A       2%          3
 Inner Flame              Hex/Fire       15%        N/A       4%          3
 Beastly Appendage        Tmut           30%        N/A       5%          1
 Spider Form              Tmut/Pois      29%        N/A       5%          3
 Passwall                 Tmut/Erth      12%        N/A       9%          2
 Wereblood                Tmut           15%        N/A       9%          2
 Manifold Assault         Tloc           15%        N/A       47%         4
 Dispersal                Tloc           7%         N/A       100%        6
 Disjunction              Tloc           7%         N/A       100%        8


Dungeon Overview and Level Annotations

Branches:
Dungeon (12/15)            Temple (1/1) D:5            Lair (2/5) D:9
    Orc (2/2) D:11            Elf (0/3) Orc:2         Sewer (visited)
  IceCv (visited)
  Swamp: Lair:2-3    Shoals: Lair:2-3     Snake: Lair:2-3    Spider: Lair:2-3

Altars:
Ashenzari
Cheibriados
Dithmenos
Elyvilon
Fedhas
Gozag
Hepliaklqana
Kikubaaqudgha
Makhleb
Nemelex Xobeh
Okawaru
Qazlal
Ru
Sif Muna
Trog
Uskayaw
Vehumet
Wu Jian
Xom
Yredelemnul
Zin
The Shining One

Shops:
D:3 =   D:8 :*?   Orc:2 ==(([

Annotations:
D:4 2 transporters, Twixt's ghost, amateur GnWn


Innate Abilities, Weirdness & Mutations

You have a beak for a mouth.
You have claws for feet.
Your magical nature lets you fly swiftly and evasively.


Message History

The death yak is almost dead.
The death yak is engulfed in freezing vapours.
The death yak completely misses you.
The yak is engulfed in freezing vapours.
The death yak is engulfed in freezing vapours.
Casting: Airstrike (safe; 1% risk of failure)
Confirm with . or Enter, or press ? or * to list all spells.
Aiming: Airstrike (safe; 1% risk of failure)
Press: ? - help, Dir - move target, f/p - death yak
Aim: a death yak (freezing vapour, almost dead, empty space bonus: 5/8)
The air twists around and strikes the death yak!
You kill the death yak!
Vehumet accepts your kill.
You feel your power returning.
The yak is engulfed in freezing vapours.
The death yak is engulfed in freezing vapours.
The yak is engulfed in freezing vapours.
You kill the yak!
Vehumet accepts your kill.
You feel your power returning.
The death yak is engulfed in freezing vapours. x2
The death yak attacks as you move away! The death yak gores you!
The death yak is engulfed in freezing vapours.
The death yak attacks as you move away! The death yak completely misses you.
The death yak attacks as you move away! The death yak gores you.
The death yak closely misses you. x2
The death yak attacks as you move away! The death yak gores you!!
There is a stone staircase leading up here.
You block the death yak's attack. The death yak gores you.
You fly upwards.
There is a stone staircase leading down here.
Okay, then.
The death yak attacks as you move away! You block the death yak's attack.
The death yak gores you!!
* * * LOW HITPOINT WARNING * * *
The death yak gores you.
* * * LOW HITPOINT WARNING * * *
You block the death yak's attack. The death yak closely misses you.
The death yak attacks as you move away! The death yak gores you!!
You die...

..................#
..................#
...............(..#
..................##
.#.................#
..#......##.##....##
.#.......##.###..>##
.##......##..##.YYP#
.##..........##.@.##
.##.......P..#~.♣♣♣
.##.......~~÷~~P~~♣♣♣
###........~~P~~P~~~♣♣♣
###........~~~~P≈≈~~~~♣♣
..........P~~~~~≈≈≈≈~P~♣
............~~~≈≈≈≈≈≈~~♣
............~~~≈≈≈≈≈≈≈~♣
..........~~~P~~≈≈≈≈≈≈~♣


You could see 2 death yaks.

Vanquished Creatures
  An orc warlord (Orc:2)
  A reaper (IceCv)
  An ettin (Orc:1)
  Erolcha (Orc:1)
  A hydra (Lair:1)
  3 two-headed ogres
  A death yak (Lair:2)
  2 orc high priests (Orc:2)
  Pikel (D:4)
  2 orc sorcerers (Orc:2)
  An ugly thing (D:11)
  A cyclops (D:11)
  Joseph (D:8)
  An ice statue (IceCv)
  2 kobold demonologists (D:10)
  5 cane toads (Lair:1)
  An anaconda simulacrum (IceCv)
  A rime drake (Lair:2)
  A freezing wraith (IceCv)
  3 komodo dragons
  An unseen horror (D:10)
  2 trolls
  A hornet (D:9)
  9 blink frogs
  A shadow (D:10)
  Sigmund (D:6)
  A dire elephant simulacrum (IceCv)
  2 wyverns
  A vampire (D:9)
  11 yaks
  A basilisk (Lair:1)
  A death yak simulacrum (IceCv)
  A steam dragon (D:7)
  6 wargs
  2 water moccasins
  2 hydra simulacra (IceCv)
  5 ice beasts
  2 sky beasts
  25 orc warriors
  A black bear (D:6)
  4 ogres
  4 centaurs
  5 wolves (Lair:1)
  4 phantoms
  A lemure (D:4)
  5 kobold brigands
  8 bullfrogs
  2 scorpions
  4 necrophages
  8 two-headed ogre simulacra (IceCv)
  3 gnoll sergeants
  A cane toad simulacrum (IceCv)
  10 wights
  4 killer bees (D:9)
  7 howler monkeys
  3 electric eels
  4 hounds
  4 jellies
  16 orc priests
  3 gnoll boudas
  Ijyb (D:3)
  Terence (D:3)
  18 orc wizards
  4 iguanas
  A polar bear simulacrum (IceCv)
  4 spriggan simulacra (IceCv)
  7 troll simulacra (IceCv)
  4 wolf simulacra (IceCv)
  Robin (D:3)
  25 gnolls
  2 adders (D:2)
  6 naga simulacra (IceCv)
  A shadow imp (D:6)
  17 white imps
  6 ufetubi
  2 worms
  4 dart slugs
  68 orcs
  8 ball pythons
  A bat (D:3)
  7 endoplasms
  10 giant cockroaches
  10 goblins
  14 hobgoblins
  6 jackals (D:2)
  8 quokkas
  2 frilled lizards (D:1)
  10 kobolds
  5 rats
460 creatures vanquished.

Vanquished Creatures (others)
  4 fungi
  7 plants
11 creatures vanquished.

Grand Total: 471 creatures vanquished

Notes
Turn   | Place    | Note
-------+----------+-------------------------------------------
     0 | D:1      | Absynth the Tengu Air Elementalist began the quest for the
                  | Orb.
     0 | D:1      | Reached XP level 1. HP: 10/10 MP: 4/4
   113 | D:1      | Found a faded altar of an unknown god.
   293 | D:1      | Reached XP level 2. HP: 15/15 MP: 3/6
   767 | D:1      | Reached XP level 3. HP: 19/19 MP: 1/8
  1239 | D:2      | Learned a level 3 spell: Swiftness
  1821 | D:2      | Learned a level 2 spell: Static Discharge
  1969 | D:2      | Reached XP level 4. HP: 23/24 MP: 5/9
  2211 | D:3      | Noticed Ijyb
  2217 | D:3      | Killed Ijyb
  2218 | D:3      | Reached skill level 5 in Air Magic
  2573 | D:3      | Noticed Robin
  2578 | D:3      | Gained mutation: Your magical nature lets you fly swiftly
                  | and evasively. [Tengu growth]
  2578 | D:3      | Reached XP level 5. HP: 28/28 MP: 7/11
  2588 | D:3      | Killed Robin
  2793 | D:3      | Noticed Terence
  2801 | D:3      | Killed Terence
  2947 | D:3      | Found Zacaifui's Jewellery Shop.
  3024 | D:4      | Found an ornate altar of the Wu Jian Council.
  3097 | D:4      | Found a glowing drain.
  3164 | Sewer    | Entered a sewer
  3210 | Sewer    | Noticed a water moccasin
  3229 | Sewer    | Killed a water moccasin
  3230 | Sewer    | Reached XP level 6. HP: 5/32 MP: 5/13
  3428 | D:4      | Reached skill level 6 in Air Magic
  3661 | D:4      | Found a basalt altar of Yredelemnul.
  3671 | D:4      | Reached skill level 5 in Conjurations
  3732 | D:4      | Reached XP level 7. HP: 25/36 MP: 5/14
  4025 | D:4      | Found an iron altar of Okawaru.
  4177 | D:4      | Noticed Twixt's ghost (amateur GnWn)
  4178 | D:4      | Found a transporter.
  4182 | D:4      | Found a transporter.
  4255 | D:4      | Noticed Pikel
  4366 | D:4      | Killed Pikel
  4367 | D:4      | Reached skill level 5 in Spellcasting
  4367 | D:4      | Reached skill level 7 in Air Magic
  4367 | D:4      | Reached XP level 8. HP: 21/41 MP: 6/16
  4572 | D:5      | Entered Level 5 of the Dungeon
  4723 | D:5      | Found a staircase to the Ecumenical Temple.
  4739 | Temple   | Entered the Ecumenical Temple
  4860 | Temple   | Became a worshipper of Vehumet
  4896 | D:5      | Reached skill level 8 in Air Magic
  6264 | D:5      | Identified 2 scrolls of acquirement
  6274 | D:5      | Acquired the ring "Exeoczupp" {rF+ Int+6}
  6378 | D:5      | Acquired 868 gold pieces
  6668 | D:6      | Found a hide-covered altar of Uskayaw.
  6826 | D:6      | Reached * piety under Vehumet
  6826 | D:6      | Offered knowledge of Kiss of Death by Vehumet.
  6827 | D:6      | Reached skill level 9 in Air Magic
  7005 | D:6      | Reached XP level 9. HP: 45/45 MP: 19/19
  7097 | D:6      | Noticed Sigmund
  7116 | D:6      | Killed Sigmund
  7136 | D:6      | Found a hazy altar of Hepliaklqana.
  7138 | D:6      | Found a faded altar of an unknown god.
  7617 | D:6      | Reached skill level 10 in Air Magic
  8251 | D:7      | Found a snail-covered altar of Cheibriados.
  8431 | D:7      | Learned a level 4 spell: Airstrike
  8549 | D:7      | Reached skill level 10 in Conjurations
  8777 | D:7      | Found a glowing golden altar of the Shining One.
  8812 | D:7      | Reached skill level 11 in Air Magic
  8812 | D:7      | Reached XP level 10. HP: 34/50 MP: 22/22
  8958 | D:7      | Reached ** piety under Vehumet
  8996 | D:7      | Offered knowledge of Poisonous Vapours by Vehumet.
  9000 | D:7      | Learned a level 2 spell: Poisonous Vapours
  9123 | D:7      | Reached skill level 1 in Poison Magic
  9520 | D:8      | Noticed Joseph
  9821 | D:8      | Found Loruvio's Vocational Training.
 10077 | D:8      | Noticed a two-headed ogre
 10081 | D:8      | Killed a two-headed ogre
 10082 | D:8      | Reached skill level 5 in Poison Magic
 10164 | D:8      | Found Alloniop's Magic Scroll Shop.
 10287 | D:8      | Bought a scroll of fear for 64 gold pieces
 10287 | D:8      | Bought a scroll of identify for 32 gold pieces
 10287 | D:8      | Bought a scroll of identify for 32 gold pieces
 10287 | D:8      | Bought a scroll of fog for 64 gold pieces
 10287 | D:8      | Bought a scroll of identify for 32 gold pieces
 10326 | D:8      | Found Eseez's General Store.
 10334 | D:8      | Bought a scroll of teleportation for 36 gold pieces
 10334 | D:8      | Bought a Trismegistus Codex for 336 gold pieces
 10341 | D:8      | Learned a level 5 spell: Freezing Cloud
 10350 | D:8      | Killed Joseph
 10351 | D:8      | Reached skill level 1 in Fighting
 10641 | D:9      | Reached skill level 1 in Ice Magic
 11420 | D:9      | Found a bloodstained altar of Trog.
 11587 | D:9      | Found a faded altar of an unknown god.
 11597 | D:9      | Reached XP level 11. HP: 53/56 MP: 24/24
 11673 | D:9      | Offered knowledge of Mephitic Cloud by Vehumet.
 11803 | D:9      | Learned a level 3 spell: Mephitic Cloud
 11829 | D:9      | Found a staircase to the Lair.
 11860 | D:9      | Reached skill level 5 in Ice Magic
 12256 | D:10     | Entered Level 10 of the Dungeon
 12597 | D:10     | Found a sparkling altar of Nemelex Xobeh.
 12636 | D:10     | Found a burning altar of Makhleb.
 12637 | D:10     | Noticed a two-headed ogre
 12641 | D:10     | Found a blossoming altar of Fedhas.
 12680 | D:10     | Killed a two-headed ogre
 12715 | D:10     | Reached *** piety under Vehumet
 13107 | D:10     | Found a stormy altar of Qazlal.
 13108 | D:10     | Found a sacrificial altar of Ru.
 13234 | D:11     | Noticed a brown ugly thing
 13240 | D:11     | Killed a brown ugly thing
 13424 | D:11     | Noticed a two-headed ogre
 13432 | D:10     | Killed a two-headed ogre
 13433 | D:10     | Reached skill level 5 in Dodging
 14139 | D:10     | Offered knowledge of Fulminant Prism by Vehumet.
 14233 | D:11     | Noticed a cyclops
 14239 | D:11     | Killed a cyclops
 14341 | D:11     | Found a staircase to the Orcish Mines.
 14351 | D:11     | Found a snail-covered altar of Cheibriados.
 14594 | D:11     | Identified the +4 dagger of a sewer {antimagic, *Corrode
                  | rF++ Int+3 Stlth+}
 14759 | Orc:1    | Entered Level 1 of the Orcish Mines
 14768 | Orc:1    | Reached skill level 5 in Fighting
 14781 | Orc:1    | Found a frozen archway.
 14942 | Orc:1    | Reached **** piety under Vehumet
 14944 | IceCv    | Entered an ice cave
 15240 | IceCv    | Offered knowledge of Dazzling Flash by Vehumet.
 15911 | IceCv    | Reached XP level 12. HP: 66/68 MP: 17/26
 16528 | IceCv    | Noticed a reaper
 17106 | IceCv    | Killed a reaper
 17107 | IceCv    | Reached skill level 12 in Air Magic
 17329 | Orc:1    | Noticed Erolcha
 17335 | Orc:1    | Killed Erolcha
 17335 | Orc:1    | Reached ***** piety under Vehumet
 17627 | Orc:1    | Offered knowledge of Lee's Rapid Deconstruction by Vehumet.
 17736 | Orc:1    | Noticed an ettin
 17744 | Orc:1    | Killed an ettin
 17745 | Orc:1    | Reached skill level 10 in Spellcasting
 17988 | Orc:2    | Entered Level 2 of the Orcish Mines
 18203 | Orc:2    | Found Ilae's Weapon Emporium.
 18352 | Orc:2    | Found a staircase to the Elven Halls.
 18538 | Orc:1    | You are sucked into a shaft and drop 1 floor!
 18538 | Orc:2    | Noticed an orc high priest
 18538 | Orc:2    | Found Miaker's Jewellery Boutique.
 18631 | Orc:2    | Killed an orc high priest
 18677 | Orc:2    | Bought the ring of Knowledge {rElec rPois Dex+2} for 611
                  | gold pieces
 19071 | Orc:2    | Found a shimmering blue altar of Sif Muna.
 19090 | Orc:2    | Got Sif Muna's Guidebook on Alteration
 19293 | Orc:2    | Noticed an orc warlord
 19304 | Orc:2    | Killed an orc warlord
 19316 | Orc:2    | Noticed an orc high priest
 19320 | Orc:2    | Killed an orc high priest
 19413 | Orc:2    | Reached skill level 13 in Air Magic
 19810 | Orc:2    | Found Rixiduw's Antique Weapon Boutique.
 19811 | Orc:2    | Found Hoapp's Antique Armour Shop.
 20206 | Orc:2    | Found Zidoastru's Jewellery Boutique.
 20253 | Orc:2    | Reached XP level 13. HP: 76/76 MP: 24/28
 20573 | Lair:1   | Entered Level 1 of the Lair of Beasts
 21629 | Lair:1   | Found a snail-covered altar of Cheibriados.
 21730 | Lair:1   | Reached skill level 14 in Air Magic
 21885 | Lair:1   | Identified the +4 mace of the Snake Pit {elec, Str+3}
 22026 | Lair:2   | Found a sparkling altar of Nemelex Xobeh.
 22257 | Lair:1   | HP: 1/77 [death yak (3)]
 22258 | Lair:1   | Demolished by a death yak

Illustrated notes

Levels and vault maps discovered:
D:1:      dpeg_arrival_water_fire, layout_loops_ring, basic_ecumenical_altar
D:2:      layout_basic
D:3:      layout_rooms, serial_shops, nicolae_shop_behind_doors, uniq_terence,
          uniq_ijyb, uniq_robin
D:4:      layout_loops_ring, amcnicky_altar_gilded,
          nicolae_overflow_crystal_walls, mainiacjoe_overflow_boulevard,
          gammafunk_ghost_smash, gup_sewer_entry_pipe, uniq_pikel
D:5:      layout_basic, temple_green, serial_glass, glass_columns_a,
          glass_columns_a, glass_columns_a, glass_columns_a, chequers_big_river,
          dk_noncrumbling_3, kennysheep_generic_room_7
D:6:      minmay_diamond_boxcup, layout_loops_ring,
          beargit_hepliaklqana_dungeon_heroes, kennysheep_little_box
D:7:      minmay_spotlight, layout_basic, mainiacjoe_overflow_catwalk,
          mainiacjoe_overflow_six_doors_small
D:8:      layout_cave_pools, serial_shops, nicolae_shop_advertising_works
          [nicolae_subvault_shop_adworks], nicolae_shop_stone,
          chequers_hall_statues_wall_a, nicolae_shop_vocational, uniq_joseph
D:9:      layout_stronghold, mainiacjoe_overflow_24_doors,
          erik_lair_orcish_takeover, serial_column_ruins,
          column_ruins_temple_hut, column_ruins_grid_1,
          column_ruins_corridor_straight, column_ruins_corridor_dead_end,
          column_ruins_open_small, column_ruins_columns_straight,
          column_ruins_columns_water
D:10:     layout_irregular_city, grunt_temple_overflow_open,
          gammafunk_temple_overflow_pools
D:11:     layout_big_octagon, cheibriados_altar_1
D:12:     layout_loops_ring, kennysheep_generic_room_11
Temple:   nicolae_temple_bog_church
Lair:1:   layout_regular_city, basic_altar, lemuel_fruit_fields,
          grunt_megastairs_4, infiniplex_staircase_pool, serial_bayou_shore_a
Lair:2:   layout_layer_cave, minmay_snake_entry_guardpost_small, basic_altar
Orc:1:    layout_diamond_mine, portal_ice_cave_entry_imps,
          nicolae_orc_crystal_geode, uniq_erolcha
Orc:2:    grunt_orc_community_town_hall, layout_diamond_mine,
          grunt_orc_community_big_house_1, grunt_orc_community_big_house_1,
          grunt_orc_community_house_1, grunt_orc_community_house_1,
          grunt_orc_community_house_2, grunt_orc_community_house_2,
          grunt_orc_community_house_1, serial_shops,
          nicolae_shop_bloodbath_and_beyond, led_sif_book

Skill      XL: |  1  2  3  4  5  6  7  8  9 10 11 12 13 |
---------------+----------------------------------------+-----
Conjurations   | 2 3 4 5 6 8 10 11 12 | 12.8
Spellcasting   | 3 4 5 6 7 8 9 10 11 | 11.5
Air Magic      | 5 6 7 9 11 13 14 | 14.6
Poison Magic   | 5 |  5.4
Fighting       | 1 5 7 |  7.6
Ice Magic      | 4 5 |  5.0
Dodging        | 6 |  6.0
Stealth        | |  2.0

Action                   |  1- 3 |  4- 6 |  7- 9 | 10-12 | 13-15 || total
-------------------------+-------+-------+-------+-------+-------++-------
Melee: Spear             |       |     7 |       |       |       ||     7
       Kick              |       |     2 |     1 |     1 |       ||     4
       Peck              |       |     1 |     2 |       |       ||     3
       Whip              |       |       |    10 |     2 |       ||    12
 Cast: Shock             |    78 |    66 |   183 |   339 |    10 ||   676
       Static Discharge  |     1 |    22 |    55 |    42 |     2 ||   122
       Swiftness         |     1 |     2 |     2 |     3 |     1 ||     9
       Airstrike         |       |       |     3 |   221 |    39 ||   263
       Freezing Cloud    |       |       |       |    44 |    17 ||    61
       Poisonous Vapours |       |       |       |     4 |       ||     4
  Use: Scroll            |       |     3 |     7 |    13 |       ||    23
       Potion            |       |     3 |     1 |     4 |       ||     8
Armor: Robe              |     2 |     3 |    13 |     8 |       ||    26
Dodge: Dodged            |     5 |    13 |    48 |    77 |     7 ||   150
Block: Other             |       |       |       |    24 |       ||    24
       Reflection        |       |       |       |     5 |       ||     5
       Buckler           |       |       |       |     7 |     6 ||    13

Table legend: (Time is in decaauts)
 A = Elapsed time spent in this place.
 B = Non-inter-level travel time spent in this place.
 C = Inter-level travel time spent in this place.
 D = Time resting spent in this place.
 E = Time spent auto-exploring this place.
 F = Levels seen in this place.
 G = Mean time per level.
                   A        B        C        D        E       F      G
               +--------+--------+--------+--------+--------+-----+--------+
         Total |  21385 |  20848 |    537 |   8326 |   8480 |  19 | 1125.5 |
       Dungeon |  14051 |  13609 |    442 |   4726 |   6712 |  12 | 1170.9 |
        Temple |    127 |    110 |     17 |      0 |    100 |   1 |  127.0 |
          Lair |   1610 |   1594 |     16 |    671 |    673 |   2 |  805.0 |
  Orcish Mines |   3074 |   3012 |     62 |   1544 |    750 |   2 | 1537.0 |
         Sewer |    216 |    216 |      0 |     82 |     44 |   1 |  216.0 |
      Ice Cave |   2303 |   2303 |      0 |   1302 |    198 |   1 | 2303.0 |
               +--------+--------+--------+--------+--------+-----+--------+

Top non-repeatable levels by time:
   IceCv: 2303 daAuts
   Orc:2: 2075 daAuts
     D:6: 1995 daAuts
     D:9: 1685 daAuts
     D:5: 1605 daAuts
    D:10: 1560 daAuts
  Lair:1: 1379 daAuts
     D:4: 1216 daAuts
     D:1: 1212 daAuts
     D:7: 1208 daAuts
     D:8: 1024 daAuts
   Orc:1: 998 daAuts
     D:2: 912 daAuts
     D:3: 902 daAuts
    D:11: 726 daAuts
